 Dungeon Crawl Stone Soup version 0.32-a0-12-g7fc57aa741 (webtiles) character file.

Game seed: 6449110594779861402

66 Jannitor the Conjurer (level 3, -1/25 HPs)
             Began as a Demonspawn Reaver on Jan 14, 2024.
             Was a Follower of Hepliaklqana.
             Slain by a goblin
             ... wielding a +0 club
              (2 damage)
             ... on level 3 of the Dungeon.
             The game lasted 00:02:10 (1710 turns).

Jannitor the Conjurer (Demonspawn Reaver)           Turns: 1710, Time: 00:02:11

Health: -1/25      AC:  3    Str: 12    XL:     3   Next: 96%
Magic:  6/6        EV: 12    Int: 13    God:    Hepliaklqana [*.....]
Gold:   110        SH:  0    Dex: 13    Spells: 5/6 levels left

rFire   . . .        k - +0 dagger (venom)
rCold   . . .        (no shield)
rNeg    . . .        b - +0 leather armour
rPois   .            (no helmet)
rElec   .            (no cloak)
rCorr   .            (no gloves)
SInv    .            (no boots)
Will    .....        (no amulet)
Stlth   +            (no ring)
HPRegen 0.24/turn    (no ring)
MPRegen 0.10/turn

%: no passive effects
@: no status effects
A: reduced essence, hooves 1, demonic guardian 1
a: Renounce Religion, Recall Ancestor, Ancestor Identity


You were on level 3 of the Dungeon.
You worshipped Hepliaklqana.
Hepliaklqana was aware of your devotion.
You visited 1 branch of the dungeon, and saw 3 of its levels.

You collected 110 gold pieces.

Inventory:

Hand Weapons
 a - a +0 short sword
 k - a +0 dagger of venom (weapon)
Armour
 b - a +0 leather armour (worn)
Talismans
 i - a maw talisman
Scrolls
 d - 2 scrolls of amnesia {unknown}
 e - 2 scrolls of teleportation
 f - a scroll of revelation
 g - a scroll of vulnerability
 h - a scroll of fear
 m - a scroll of blinking
Potions
 c - a potion of brilliance
 j - a potion of berserk rage {unknown}
 l - a potion of might {unknown}
 n - a potion of enlightenment {unknown}


   Skills:
 + Level 2.6 Fighting
 - Level 2.8 Short Blades
 + Level 2.4 Dodging
 * Level 1.8 Unarmed Combat
 - Level 2.1 Spellcasting
 - Level 3.1 Conjurations


You had 5 spell levels left.
You knew the following spells:

 Your Spells              Type           Power      Damage    Failure   Level
a - Kiss of Death         Conj/Necr      20%        2d7       17%         1

Your spell library contained the following spells:

 Spells                   Type           Power      Damage    Failure   Level
 Momentum Strike          Conj/Tloc      10%        3d8       26%         2
 Summon Small Mammal      Summ           4%         N/A       32%         1
 Mercury Vapours          Alch/Air       2%         N/A       43%         2
 Hailstorm                Conj/Ice       5%         3d5       45%         3
 Stone Arrow              Conj/Erth      10%        3d7       45%         3
 Mephitic Cloud           Conj/Alch/Air  4%         N/A       54%         3
 Call Canine Familiar     Summ           1%         N/A       67%         3
 Animate Armour           Summ/Erth      2%         N/A       97%         4
 Summon Blazeheart Golem  Fire/Summ      1%         N/A       97%         4
 Freezing Cloud           Conj/Ice/Air   2%         6-21      99%         5
 Haunt                    Necr/Summ      0%         N/A       100%        7
 Borgnjor's Revivificati  Necr           0%         N/A       100%        8
 Lehudib's Crystal Spear  Conj/Erth      2%         10d2      100%        8
 Death's Door             Necr           0%         N/A       100%        9


Dungeon Overview and Level Annotations

Branches:
Dungeon (3/15)

Altars:
Hepliaklqana


Innate Abilities, Weirdness & Mutations

Your life essence is reduced to manifest your ancestor. (-10% HP)
You have large cloven feet.
A weak demonic guardian rushes to your aid.


Message History

You hit the orc. You punch the orc.
The orc is heavily wounded.
The orc closely misses you.
You barely miss the orc.
The orc is heavily wounded.
You hit the orc.
The orc looks even sicker.
The orc is almost dead.
You kill the orc!
No target in view!
Things that are here:
a +0 war axe; an orc corpse
d - 2 scrolls labelled PIUFFI TEYDI (gained 1)
There is a stone staircase leading up here.
You see here 6 stones.
Found a stone staircase leading up.
You swap places.
Key pressed, stopping explore.
You open the door.
A goblin and a dart slug come into view.
The goblin shouts!
Found a stone staircase leading down.
An orc comes into view. It is wielding a +0 great mace.
Found two hand axes.
There is an open door here.
Found 12 gold pieces.
An orc comes into view. It is wielding a +0 short sword.
The orc misses you.
You closely miss the orc.
The orc shouts!
Your kick misses the orc. The orc hits you with a +0 great mace!
You hit the orc.
The orc is poisoned.
You kick the orc.
The orc is severely wounded.
An adder comes into view.
The orc hits you with a +0 great mace!
Ouch! That really hurt!
* * * LOW HITPOINT WARNING * * *
A demonic guardian appears!
Tihomir hits the dart slug.
The dart slug bites Tihomir but does no damage.
The goblin hits you with a +0 club.
You die...

#.....$..# #.#...##
.##........# #.#.#.# ##
..........# #.#.#.# ...
.>.......# #.#.#.#
....##........#
##.#[#.## .S.......5..#
#....#... #o).w....#
#..#####. #...oRg..#
#..# #. #####@####
##..#####. #.#
#...#...#.
#.##.#######..##.#.<.
#...................#
.....#########.........#
...# #.........( ..
###.....##.#.
#....###.....
###..........


You could see the friendly Tihomir the ancestor, an adder, a dart slug (ally
target), 2 orcs, a goblin (ally target) and a friendly iron imp (summoned).

Vanquished Creatures
  A gnoll (D:2)
  An adder (D:2)
  2 dart slugs
  2 ribbon worms (D:2)
  An orc (D:3)
  5 ball pythons
  An endoplasm (D:2)
  4 giant cockroaches (D:1)
  3 hobgoblins (D:1)
  A quokka (D:2)
  3 bats
  A frilled lizard (D:1)
  6 goblins
  A kobold (D:2)
  4 rats
36 creatures vanquished.

Notes
Turn   | Place    | Note
-------+----------+-------------------------------------------
     0 | D:1      | Jannitor the Demonspawn Reaver began the quest for the Orb.
     0 | D:1      | Reached XP level 1. HP: 16/16 MP: 3/3
   248 | D:1      | Discovered your monstrous ancestry.
   248 | D:1      | Gained mutation: You have large cloven feet. [demonic
                  | ancestry]
   248 | D:1      | Reached XP level 2. HP: 12/22 MP: 5/5
   934 | D:2      | Reached skill level 1 in Unarmed Combat
  1010 | D:2      | Gained mutation: A weak demonic guardian rushes to your
                  | aid. [demonic ancestry]
  1010 | D:2      | Reached XP level 3. HP: 19/25 MP: 6/6
  1583 | D:3      | Found a faded altar of an unknown god.
  1595 | D:3      | Prayed at the altar of an unknown god.
  1595 | D:3      | Became a worshipper of Hepliaklqana the Forgotten
  1595 | D:3      | Reached * piety under Hepliaklqana
  1709 | D:3      | HP: 1/25 [orc/+0 great mace (15)]
  1710 | D:3      | Slain by a goblin

Illustrated notes

Levels and vault maps discovered:
D:1:      dpeg_arrival_renting, layout_rooms, hangedman_decor_push
D:2:      layout_loops_cross, minmay_unequal
D:3:      layout_basic, mainiacjoe_overflow_concentric_impassable,
          lemuel_zombie_altar_yredelemnul, amcnicky_altar_gilded,
          lemuel_tele_altar, ebering_ecumenical_altar_petrified, serial_shops,
          nicolae_shop_tiny_statue_garden

Skill      XL: |  1  2 |
---------------+-------+-----
Dodging        | 2 |  2.4
Unarmed Combat | 1 |  1.8
Fighting       | |  2.6
Short Blades   | |  2.8
Spellcasting   | |  2.1
Conjurations   | |  3.1

Action                     || total
---------------------------++-------
  Melee: Short sword       ||    54
         Unarmed           ||    39
         Dagger            ||    68
         Kick              ||    27
         Punch             ||     2
   Cast: Kiss of Death     ||     1
    Use: Potion            ||     1
         Scroll            ||     6
   Stab: Sleeping          ||     1
 Armour: Leather armour    ||    79
  Dodge: Dodged            ||    82

Table legend: (Time is in decaauts)
 A = Elapsed time spent in this place.
 B = Non-inter-level travel time spent in this place.
 C = Inter-level travel time spent in this place.
 D = Time resting spent in this place.
 E = Time spent auto-exploring this place.
 F = Levels seen in this place.
 G = Mean time per level.
                   A        B        C        D        E       F      G
               +--------+--------+--------+--------+--------+-----+--------+
         Total |   1691 |   1582 |    109 |     55 |   1207 |   3 |  563.7 |
       Dungeon |   1691 |   1582 |    109 |     55 |   1207 |   3 |  563.7 |
               +--------+--------+--------+--------+--------+-----+--------+

Top non-repeatable levels by time:
     D:2: 865 daAuts
     D:1: 693 daAuts
     D:3: 133 daAuts
